 Dungeon Crawl Stone Soup version 0.31-a0-300-g4ac5daa9c1 (webtiles) character file.

Game seed: 7556207796630841025

194 Boola94 the Shooter (level 5, -3/42 HPs)
             Began as a Barachi Hunter on July 16, 2023.
             Killed by nerve-wracking pain
             ... invoked by an orc priest
              (11 damage)
             ... on level 4 of the Dungeon.
             The game lasted 00:09:48 (2581 turns).

Boola94 the Shooter (Barachi Hunter)                Turns: 2581, Time: 00:09:49

Health: -3/42      AC: 10    Str: 13    XL:     5   Next: 73%
Magic:  5/5        EV: 13    Int:  9    God:
Gold:   119        SH:  0    Dex: 17    Spells: 4/4 levels left

rFire   . . .        h - +2 short sword (protect)
rCold   . . .        (no shield)
rNeg    . . .        c - +0 leather armour
rPois   .            (helmet currently unavailable)
rElec   .            (cloak currently unavailable)
rCorr   .            (gloves currently unavailable)
SInv    .            (boots currently unavailable)
Will    .....        (no amulet)
Stlth   ++           (no ring)
HPRegen 0.27/turn    (no ring)
MPRegen 0.09/turn

%: no passive effects
@: beast-form, under a protective aura, slow
A: beast (slay +1), amphibious, slowness 1, strong legs 1, +LOS
a: Hop, Begin Untransformation


You were on level 4 of the Dungeon.
You were a hulking beast.
You visited 1 branch of the dungeon, and saw 4 of its levels.

You collected 119 gold pieces.

Inventory:

Hand Weapons
 a - a +0 shortbow
 h - a +2 short sword of protection (weapon)
Missiles
 j - a throwing net
 r - 5 atropa-tipped darts
Armour
 c - a +0 leather armour (worn)
Talismans
 g - a beast talisman
Scrolls
 b - a scroll of butterflies
 d - a scroll of enchant armour {unknown}
 f - a scroll of teleportation {unknown}
 k - a scroll of identify {unknown}
 l - a scroll of enchant weapon {unknown}
 q - a scroll of noise {unknown}
Potions
 e - 2 potions of attraction {unknown}
 i - 2 potions of heal wounds {unknown}
 m - a potion of magic {unknown}
 n - a potion of might {unknown}
 o - a potion of enlightenment {unknown}
 p - a potion of resistance {unknown}


   Skills:
 + Level 3.8 Fighting
 - Level 4.4 Ranged Weapons
 + Level 3.5 Dodging
 - Level 1.9 Stealth
 + Level 1.5 Unarmed Combat
 * Level 1.9 Shapeshifting


You had 4 spell levels left.
You didn't know any spells.
Your spell library was empty.

Dungeon Overview and Level Annotations

Branches:
Dungeon (4/15)
 Temple: D:4-7

Altars:


Innate Abilities, Weirdness & Mutations

You are a hulking beast.
Your limbs bulge with bestial killing power. (Slay +1)
You are amphibious.
You cover ground slowly.
You can hop short distances.
You have an extended range of vision and can be seen from far away.


Message History

You are too injured to fight recklessly!
You are too injured to fight recklessly!
You are too injured to fight recklessly!
You are too injured to fight recklessly!
You are too injured to fight recklessly!
You are too injured to fight recklessly!
You are too injured to fight recklessly!
You are too injured to fight recklessly!
You are too injured to fight recklessly!
You are too injured to fight recklessly!
You are too injured to fight recklessly!
You are too injured to fight recklessly!
You are too injured to fight recklessly!
You are too injured to fight recklessly!
You are too injured to fight recklessly!
You are too injured to fight recklessly!
You are too injured to fight recklessly!
You are too injured to fight recklessly!
You are too injured to fight recklessly!
You are too injured to fight recklessly!
You are too injured to fight recklessly!
You are too injured to fight recklessly!
The orc shouts!
The orc priest invokes the aid of Beogh against you.
Pain shoots through your body!
* * * LOW HITPOINT WARNING * * *
You puncture the orc priest!
The orc priest is heavily wounded.
The orc priest hits you but does no damage.
You hit the orc priest but do no damage.
The orc priest is heavily wounded.
The orc hits you with a +2 dagger of holy wrath.
* * * LOW HITPOINT WARNING * * *
The orc priest closely misses you.
You closely miss the orc priest.
The orc priest is heavily wounded.
The orc closely misses you.
The orc priest mumbles some strange prayers to Beogh against you.
Pain shoots through your body!
You die...

.....###.⌠.###..#.#
.....##.....##..#.#
###..#.......#..#.#
###..#.8...8.#..#.#
.....#.......#..#.#
###..#.......#..#.#
###..#....)..#....#
.....#.8...8.#.#o.########
###..#.......#.oh.........
'..............##..##..###
##..#........#####...# #
##..#.######...# ##...#
##..#.# #.#.# #.># #..#.#
##### #.# #..#.# .# #..#.#
. ...... #


You could see an orc priest and an orc.

Vanquished Creatures
  A hound (D:4)
  An iguana (D:4)
  An orc priest (D:4)
  6 adders
  2 worms (D:2)
  2 orcs (D:4)
  A ball python (D:3)
  3 endoplasms
  A giant cockroach (D:4)
  6 goblins
  3 hobgoblins
  6 jackals (D:1)
  5 kobolds
  A quokka (D:1)
  3 bats (D:2)
  2 frilled lizards
  7 rats
51 creatures vanquished.

Notes
Turn   | Place    | Note
-------+----------+-------------------------------------------
     0 | D:1      | Boola94 the Barachi Hunter began the quest for the Orb.
     0 | D:1      | Reached XP level 1. HP: 17/17 MP: 1/1
   295 | D:1      | Reached skill level 1 in Stealth
   326 | D:1      | Reached XP level 2. HP: 20/23 MP: 2/2
   374 | D:1      | You fall into a shaft and drop 1 floor!
   415 | D:2      | Reached XP level 3. HP: 29/29 MP: 3/3
  1033 | D:2      | Reached XP level 4. HP: 35/35 MP: 4/4
  2129 | D:4      | Reached skill level 1 in Unarmed Combat
  2129 | D:4      | Reached skill level 1 in Shapeshifting
  2129 | D:4      | Reached XP level 5. HP: 12/41 MP: 5/5
  2581 | D:4      | Killed from afar by an orc priest

Illustrated notes

Levels and vault maps discovered:
D:1:      tekkud_arrival_beachfront_property, layout_rooms, minmay_statues_item,
          minivault_19
D:2:      layout_loops_corners
D:3:      layout_basic
D:4:      cheibrodos_pilgrimage, layout_basic, serial_shops, shop_statue,
          nicolae_shop_tiny_glass, serial_aquarium,
          aquarium_bridge_long_separate [aquarium_subvault_bridge,
          aquarium_subvault_balcony, aquarium_subvault_window,
          aquarium_subvault_window, aquarium_subvault_wall,
          aquarium_subvault_bridge], aquarium_bridge_square
          [aquarium_subvault_wall, aquarium_subvault_balcony,
          aquarium_subvault_bridge, aquarium_subvault_bridge],
          aquarium_window_1, aquarium_window_1, aquarium_window_1,
          aquarium_view_2a, aquarium_pool_1, uniq_menkaure, uniq_sigmund

Skill      XL: |  1  2  3  4 |
---------------+-------------+-----
Stealth        | 1 |  1.9
Fighting       | 3 |  3.8
Dodging        | 3 |  3.5
Unarmed Combat | 1 |  1.5
Shapeshifting  | 1 |  1.9
Ranged Weapons | |  4.4

Action                     |  1- 3 |  4- 6 || total
---------------------------+-------+-------++-------
  Melee: Short sword       |       |   111 ||   111
         Unarmed           |       |     3 ||     3
         Punch             |       |     1 ||     1
   Fire: Shortbow          |    97 |     5 ||   102
Ability: Hop               |     3 |       ||     3
   Stab: Sleeping          |       |     2 ||     2
 Armour: Leather armour    |    22 |    56 ||    78
  Dodge: Dodged            |    42 |   102 ||   144
   Form: Beast             |       |     1 ||     1

Table legend: (Time is in decaauts)
 A = Elapsed time spent in this place.
 B = Non-inter-level travel time spent in this place.
 C = Inter-level travel time spent in this place.
 D = Time resting spent in this place.
 E = Time spent auto-exploring this place.
 F = Levels seen in this place.
 G = Mean time per level.
                   A        B        C        D        E       F      G
               +--------+--------+--------+--------+--------+-----+--------+
         Total |   2915 |   2913 |      2 |    644 |   1423 |   4 |  728.8 |
       Dungeon |   2915 |   2913 |      2 |    644 |   1423 |   4 |  728.8 |
               +--------+--------+--------+--------+--------+-----+--------+

Top non-repeatable levels by time:
     D:2: 1260 daAuts
     D:3: 715 daAuts
     D:4: 536 daAuts
     D:1: 403 daAuts
